 Dungeon Crawl Stone Soup version 0.29-a0-830-gcb1280458a (webtiles) character file.

Game seed: 16431744995929487286

496 Nato the Sneak (level 7, -3/66 HPs)
             Began as a Naga Berserker on July 12, 2022.
             Was a Believer of Trog.
             Slain by an adder (4 damage)
             ... on level 5 of the Dungeon.
             The game lasted 00:06:36 (5193 turns).

Nato the Sneak (Naga Berserker)                     Turns: 5193, Time: 00:06:36

Health: -3/66      AC: -1    Str: 21    XL:     7   Next: 15%
Magic:  7/7        EV: 10    Int:  7    God:    Trog [**....]
Gold:   132        SH:  0    Dex: 11    Spells: 6/6 levels left

rFire   . . .      SeeInvis +   x - +8 trident of the Octopus King {venom, rElec rPois}
rCold   . . .      Faith    .   (no shield)
rNeg    . . .      Spirit   .   B - +2 leather armour {rPois}
rPois   +          Reflect  .   (no helmet)
rElec   +          Harm     .   (no cloak)
rCorr   .          Rampage  .   (no gloves)
Will    .....                   (no barding)
Stlth   ++........              (no amulet)
HPRegen 0.21/turn               (no ring)
MPRegen 0.10/turn               (no ring)

@: corroded, on berserk cooldown, slowed, very slow
A: AC +2, large, see invisible, deformed body, poison resistance, slowness 2,
spit poison 1, naga tail 1
a: Spit Poison, Renounce Religion, Berserk, Trog's Hand


You were on level 5 of the Dungeon.
You worshipped Trog.
Trog was pleased with you.
You visited 1 branch of the dungeon, and saw 5 of its levels.

You collected 132 gold pieces.

Inventory:

Hand Weapons
 a - a +0 hand axe
 o - a +1 rapier of venom
 x - the +8 trident of the Octopus King (weapon) {venom, rElec rPois}
   (You found it on level 3 of the Dungeon)

   It poisons the flesh of those it strikes.
   rElec:     It insulates you from electricity.
   rPois:     It protects you from poison.
Armour
 b - a +0 animal skin
 u - a +0 plate armour
 B - a +2 leather armour of poison resistance (worn)
Wands
 A - a wand of polymorph (6)
Scrolls
 c - 2 scrolls of magic mapping {unknown}
 d - a scroll of torment {unknown}
 i - a scroll of poison {unknown}
 k - 2 scrolls of amnesia {unknown}
 m - a scroll of immolation {unknown}
 q - 6 scrolls of identify {unknown}
 s - 2 scrolls of enchant armour {unknown}
 t - a scroll of enchant weapon {unknown}
 w - 2 scrolls of teleportation {unknown}
 y - a scroll of blinking {unknown}
Potions
 e - 2 potions of degeneration {unknown}
 f - a potion of ambrosia {unknown}
 g - a potion of might {unknown}
 h - a potion of resistance {unknown}
 j - 2 potions of mutation {unknown}
 l - 3 potions of lignification {unknown}
 n - a potion of cancellation {unknown}
 p - a potion of invisibility {unknown}
 r - 2 potions of haste {unknown}
 v - a potion of curing {unknown}
 z - a potion of flight {unknown}


   Skills:
 + Level 4.5 Fighting
 - Level 3.2(3.5) Axes
 + Level 1.8(2.8) Polearms
 + Level 3.2 Armour
 + Level 3.2 Dodging
 + Level 4.7 Stealth


You had 6 spell levels left.
You didn't know any spells.
Your spell library was empty.

Dungeon Overview and Level Annotations

Branches:
Dungeon (5/15)
 Temple: D:4-7

Altars:


Innate Abilities, Weirdness & Mutations

Your serpentine skin is tough. (AC +2)
You have supernaturally acute eyesight. (SInv)
Armour fits poorly on your strangely shaped body.
Your system is resistant to poisons. (rPois)
You cover ground very slowly.
You can spit poison.
You have a snake-like lower body.


Message History

The phantom is almost destroyed.
The jelly hits you.
You are splashed with acid.
The phantom closely misses you. The adder closely misses you.
You puncture the phantom!
You destroy the phantom!
Trog accepts your kill. The jelly hits you.
You are splashed with acid!
* * * LOW HITPOINT WARNING * * *
An orc comes into view. It is wielding a +0 mace.
The orc wizard gestures at you while chanting.
The magic dart hits you.
* * * LOW HITPOINT WARNING * * *
The adder closely misses you.
You have reached level 7!
You puncture the jelly!
The jelly looks as sick as possible!
The acid corrodes you!
Your hands burn!
* * * LOW HITPOINT WARNING * * *
The jelly is severely wounded.
The jelly barely misses you. The adder barely misses you.
You puncture the jelly!
You feel the power of Trog in you as your rage grows.
You kill the jelly!
Trog accepts your kill. The adder bites you.
* * * LOW HITPOINT WARNING * * *
You closely miss the adder.
The orc wizard gestures wildly while chanting.
The orc wizard flickers and vanishes for a moment.
The adder barely misses you.
You miss the adder. The adder barely misses you.
You puncture the adder!
The adder is poisoned.
The adder is heavily wounded.
The adder barely misses you. The orc hits you with a +0 mace!
* * * LOW HITPOINT WARNING * * *
You barely miss the adder.
The adder is severely wounded.
You are no longer berserk.
You are exhausted.
You feel yourself slow down. The adder bites you.
You die...

. ...##.. #
..##.......##..
....#.. ..... .
...... ...##..
##...##.#.....
#.##.......#.#...
.......<.........
....####S...<....
. #@.......
#.o.o....
.........[.....
.....###..o....
.... ....... ...
.#..... ..
.#..... . .......
.. ...<


You could see an orc wizard (invisible), an adder (very poisoned) and 2 orcs.

Vanquished Creatures
  A black bear (D:4)
  An ogre (D:4)
  2 phantoms
  A howler monkey (D:4)
  A jelly (D:5)
  4 adders
  A worm (D:2)
  A dart slug (D:2)
  An orc (D:3)
  7 ball pythons
  5 endoplasms
  3 giant cockroaches
  7 goblins
  5 hobgoblins
  7 jackals
  8 kobolds
  3 quokkas
  5 bats
  3 frilled lizards (D:1)
  3 rats
69 creatures vanquished.

Notes
Turn   | Place    | Note
-------+----------+-------------------------------------------
     0 | D:1      | Nato the Naga Berserker began the quest for the Orb.
     0 | D:1      | Reached XP level 1. HP: 21/21 MP: 1/1
   355 | D:1      | Reached XP level 2. HP: 28/28 MP: 2/2
   775 | D:1      | Found a faded altar of an unknown god.
  1423 | D:2      | Reached XP level 3. HP: 33/34 MP: 3/3
  1611 | D:2      | Reached skill level 1 in Stealth
  1744 | D:2      | Reached ** piety under Trog
  2385 | D:3      | Found the +8 trident of the Octopus King {venom, rElec
                  | rPois}
  2391 | D:3      | Reached XP level 4. HP: 42/42 MP: 4/4
  3946 | D:4      | Noticed an ogre
  3953 | D:4      | Killed an ogre
  3954 | D:4      | Reached XP level 5. HP: 50/50 MP: 5/5
  4197 | D:4      | Noticed a phantom
  4203 | D:4      | Killed a phantom
  4204 | D:4      | Reached XP level 6. HP: 48/57 MP: 6/6
  4417 | D:4      | Reached skill level 1 in Polearms
  4702 | D:4      | Noticed a black bear
  4708 | D:4      | Killed a black bear
  5177 | D:5      | Entered Level 5 of the Dungeon
  5188 | D:5      | Reached XP level 7. HP: 16/66 MP: 7/7
  5192 | D:5      | HP: 1/99 [orc/+0 mace (8)]
  5193 | D:5      | Slain by an adder

Illustrated notes

Levels and vault maps discovered:
D:1:      eino_arrival_water_star, layout_rooms,
          hellmonk_ecumenical_altar_run_dry
D:2:      layout_loops_ring, minmay_misc_feat_hallway
D:3:      layout_basic, grunt_ministairs_14, minmay_misc_feat_tower,
          minmay_between
D:4:      layout_basic
D:5:      layout_cave_pools, minmay_temple_entry_grid,
          hangedman_decor_peaks_small

Skill      XL: |  1  2  3  4  5  6 |
---------------+-------------------+-----
Armour         | 2 3 |  3.2
Dodging        | 2 3 |  3.2
Stealth        | 1 3 4 |  4.7
Fighting       | 4 |  4.5
Polearms       | 1 |  1.8
Axes           | |  3.2

Action                   |  1- 3 |  4- 6 |  7- 9 || total
-------------------------+-------+-------+-------++-------
Melee: Hand axe          |    40 |       |       ||    40
       Rapier            |    39 |    37 |       ||    76
       Trident           |       |    34 |     6 ||    40
Invok: Berserk           |     5 |     3 |       ||     8
 Stab: Sleeping          |     3 |     6 |       ||     9
Armor: Animal skin       |    19 |    17 |       ||    36
       Leather armour    |       |     2 |       ||     2
Dodge: Dodged            |    34 |    28 |     5 ||    67

Table legend: (Time is in decaauts)
 A = Elapsed time spent in this place.
 B = Non-inter-level travel time spent in this place.
 C = Inter-level travel time spent in this place.
 D = Time resting spent in this place.
 E = Time spent auto-exploring this place.
 F = Levels seen in this place.
 G = Mean time per level.
                   A        B        C        D        E       F      G
               +--------+--------+--------+--------+--------+-----+--------+
         Total |   6137 |   5926 |    211 |   2500 |   2939 |   5 | 1227.4 |
       Dungeon |   6137 |   5926 |    211 |   2500 |   2939 |   5 | 1227.4 |
               +--------+--------+--------+--------+--------+-----+--------+

Top non-repeatable levels by time:
     D:3: 2165 daAuts
     D:1: 1550 daAuts
     D:4: 1513 daAuts
     D:2: 895 daAuts
     D:5: 13 daAuts
